 Dungeon Crawl Stone Soup version 0.30-a0-140-gd1020e658a (webtiles) character file.

Game seed: 9864007249552273782

157 ryw the Trooper (level 5, -1/44 HPs)
             Began as a Demonspawn Monk on Sept 24, 2022.
             Slain by a hobgoblin (3 damage)
             ... on level 4 of the Dungeon.
             The game lasted 00:05:30 (4955 turns).

ryw the Trooper (Demonspawn Monk)                   Turns: 4955, Time: 00:05:31

Health: -1/44      AC:  2    Str: 14    XL:     5   Next: 15%
Magic:  7/7        EV: 12    Int: 11    God:
Gold:   148        SH:  3    Dex: 15    Spells: 6/7 levels left

rFire   . . .      SeeInvis .      - Unarmed
rCold   . . .      Faith    .    n - +0 buckler
rNeg    . . .      Spirit   .    a - +0 robe
rPois   .          Reflect  .    (no helmet)
rElec   .          Harm     .    (no cloak)
rCorr   .          Rampage  .    (no gloves)
Will    .....                    (no boots)
Stlth   ++........               (no amulet)
HPRegen 0.14/turn                (no ring)
MPRegen 0.10/turn                (no ring)

@: lethally poisoned (-1 -> -21)
A: weakness stinger 2
a: no special abilities


You were on level 4 of the Dungeon.
You visited 1 branch of the dungeon, and saw 4 of its levels.

You collected 148 gold pieces.

Inventory:

Missiles
 f - 36 stones
 h - 14 poisoned darts (quivered)
 q - 6 boomerangs of dispersal
Armour
 a - a +0 robe (worn)
 n - a +0 buckler (worn)
Wands
 r - a wand of polymorph (7)
Scrolls
 c - 2 scrolls of teleportation
 e - a scroll of identify
 k - 2 scrolls of blinking
 t - 3 scrolls of enchant weapon
Potions
 b - a potion of ambrosia
 i - 3 potions of degeneration {unknown}
 l - a potion of curing {unknown}
 m - 2 potions of might
 o - 4 potions of attraction {unknown}
 p - a potion of flight {unknown}
 s - 2 potions of brilliance {unknown}


   Skills:
 + Level 5.2 Fighting
 - Level 2.6 Dodging
 - Level 1.7 Stealth
 - Level 2.6 Unarmed Combat
 * Level 1.6 Spellcasting
 + Level 1.1 Transmutations


You had 6 spell levels left.
You knew the following spells:

 Your Spells              Type           Power      Damage    Failure   Level
a - Beastly Appendage     Tmut           6%         N/A       26%         1

Your spell library contained the following spells:

 Spells                   Type           Power      Damage    Failure   Level
 Wereblood                Tmut           3%         N/A       36%         2
 Foxfire                  Conj/Fire      0%         2x1d4     38%         1
 Spider Form              Tmut/Pois      2%         N/A       69%         3
 Inner Flame              Hex/Fire       0%         N/A       77%         3
 Kindle Blastsparks       Fire/Tloc/Air  0%         2d10      77%         3
 Animate Dead             Necr           0%         N/A       99%         4
 Flame Wave               Conj/Fire      0%         2d4       99%         4
 Summon Lightning Spire   Summ/Air       0%         N/A       99%         4
 Haunt                    Necr/Summ      0%         N/A       100%        7
 Storm Form               Tmut/Air       1%         N/A       100%        7
 Infestation              Necr           0%         N/A       100%        8
 Maxwell's Capacitive Co  Air            0%         ∞         100%        8


Dungeon Overview and Level Annotations

Branches:
Dungeon (4/15)             Temple (0/1) D:4

Altars:

Annotations:
D:3 1 runed translucent door, Daxter95's ghost, weakling MiGl


Innate Abilities, Weirdness & Mutations

You have a tail ending in a sharp stinger.


Message History

You feel very sick. The scorpion barely misses you.
You feel much better.
You feel very sick. The scorpion closely misses you. The scorpion stings you.
You are lethally poisoned!
The scorpion poisons you!
You feel extremely sick.
* * * LOW HITPOINT WARNING * * *
You feel very sick. The scorpion closely misses you.
* * * LOW HITPOINT WARNING * * *
You feel very sick. The scorpion attacks as you move away!
The scorpion misses you.
A hobgoblin comes into view.
* * * LOW HITPOINT WARNING * * *
You feel very sick.
The hobgoblin shouts!
You feel much better.
You feel very sick. The scorpion closely misses you. The scorpion stings you.
The scorpion attacks as you move away! The scorpion stings you!
You are lethally poisoned!
The scorpion poisons you!
* * * LOW HITPOINT WARNING * * *
You feel very sick.
Found 10 gold pieces.
* * * LOW HITPOINT WARNING * * *
You feel very sick.
* * * LOW HITPOINT WARNING * * *
You feel very sick.
There is a staircase to the Ecumenical Temple here.
You can't go up here!
* * * LOW HITPOINT WARNING * * *
You feel very sick. The scorpion stings you.
* * * LOW HITPOINT WARNING * * *
You are more poisoned.
The scorpion poisons you! The hobgoblin hits you.
You die...

.....####...#...
........#...>...
............... ##
..........#.... .
........#..##..#.
............# ..## .
..........$.#
#..####..#
............###.......#
.....[#......#wg@...#
.....##....#.h.s...#$.#
..............g##.##
...#...)..#...## ##
...#..#...###..#
##....#.... .....
......(.......... #..#
.......w..##.
##...........# ..


You could see a scorpion, a dart slug, a jackal and 2 hobgoblins.

Vanquished Creatures
  An orc priest (D:3)
  A jelly (D:3)
  2 adders
  2 worms (D:2)
  2 dart slugs
  6 orcs
  6 bats
  6 endoplasms
  2 giant cockroaches (D:1)
  8 goblins
  6 hobgoblins
  2 jackals
  7 kobolds
  2 quokkas (D:2)
  3 ball pythons
  2 frilled lizards
  7 rats
65 creatures vanquished.

Notes
Turn   | Place    | Note
-------+----------+-------------------------------------------
     0 | D:1      | ryw the Demonspawn Monk began the quest for the Orb.
     0 | D:1      | Reached XP level 1. HP: 18/18 MP: 1/1
   444 | D:1      | Gained mutation: You have a small tail. [demonic ancestry]
   444 | D:1      | Reached XP level 2. HP: 18/24 MP: 2/2
   989 | D:1      | Reached skill level 4 in Fighting
  1483 | D:2      | Reached XP level 3. HP: 28/30 MP: 3/3
  2600 | D:2      | Found a faded altar of an unknown god.
  2978 | D:3      | Reached XP level 4. HP: 38/38 MP: 4/4
  3029 | D:3      | Reached skill level 5 in Fighting
  3122 | D:3      | Learned a level 1 spell: Beastly Appendage
  3344 | D:3      | Reached skill level 1 in Spellcasting
  3799 | D:3      | Found a runed translucent door.
  3804 | D:3      | Noticed Daxter95's ghost (weakling MiGl)
  4083 | D:3      | Reached skill level 1 in Transmutations
  4083 | D:3      | Gained mutation: You have a tail ending in a sharp stinger.
                  | [demonic ancestry]
  4083 | D:3      | Reached XP level 5. HP: 5/44 MP: 5/7
  4941 | D:4      | Found a staircase to the Ecumenical Temple.
  4955 | D:4      | HP: 2/44 [scorpion (2)]
  4955 | D:4      | Slain by a hobgoblin

Illustrated notes

Levels and vault maps discovered:
D:1:      amcnicky_arrival_abandoned_market, layout_basic
D:2:      layout_loops_corners, hellmonk_ecumenical_altar_prayer_group
D:3:      layout_basic, ebering_ghost_reflecting_pool
D:4:      layout_cave_pools, mainiacjoe_overflow_catwalk_spiral,
          minmay_temple_entry_wispy

Skill      XL: |  1  2  3  4 |
---------------+-------------+-----
Fighting       | 4 5 |  5.2
Spellcasting   | 1 |  1.6
Transmutations | 1 |  1.1
Dodging        | |  2.6
Stealth        | |  1.7
Unarmed Combat | |  2.6

Action                   |  1- 3 |  4- 6 || total
-------------------------+-------+-------++-------
Melee: Unarmed           |   146 |   101 ||   247
       Tailslap          |    16 |     7 ||    23
       Punch             |     1 |       ||     1
Throw: Dart              |     7 |       ||     7
  Use: Scroll            |       |     6 ||     6
       Potion            |       |     3 ||     3
 Stab: Sleeping          |     8 |       ||     8
Armor: Robe              |    17 |    16 ||    33
Dodge: Dodged            |    77 |    75 ||   152
Block: Buckler           |     5 |    17 ||    22

Table legend: (Time is in decaauts)
 A = Elapsed time spent in this place.
 B = Non-inter-level travel time spent in this place.
 C = Inter-level travel time spent in this place.
 D = Time resting spent in this place.
 E = Time spent auto-exploring this place.
 F = Levels seen in this place.
 G = Mean time per level.
                   A        B        C        D        E       F      G
               +--------+--------+--------+--------+--------+-----+--------+
         Total |   4952 |   4729 |    223 |   1388 |   2732 |   4 | 1238.0 |
       Dungeon |   4952 |   4729 |    223 |   1388 |   2732 |   4 | 1238.0 |
               +--------+--------+--------+--------+--------+-----+--------+

Top non-repeatable levels by time:
     D:3: 1839 daAuts
     D:2: 1511 daAuts
     D:1: 1375 daAuts
     D:4: 226 daAuts
